 Dungeon Crawl Stone Soup version 0.30-a0-1160-g6e42c06551 (webtiles) character file.

Game seed: 14163406569050979386

640812 Morbidden the Eclecticist (level 27, 250/250 (301) HPs)
             Began as a Demonspawn Conjurer on Mar 27, 2023.
             Was the Champion of Cheibriados.
             Quit the game on level 4 of the Realm of Zot on Apr 27, 2023.
             The game lasted 02:51:18 (63407 turns).

Morbidden the Eclecticist (Demonspawn Conjurer)    Turns: 63407, Time: 02:51:19

HP:   250/250 (301) AC: 16    Str: 36    XL:     27
MP:   46/46         EV: 20    Int: 46    God:    Cheibriados [******]
Gold: 9930          SH:  0    Dex: 29    Spells: 2/64 levels left

rFire   + + +        a - melded +12 pair of quick blades "Gyre" and "Gimble" {protect}
rCold   . . .        (shield currently unavailable)
rNeg    . . .        R - melded +12 plate armour "Mean" {rF+}
rPois   +            v - melded +2 hat of Chill Winds {rC+}
rElec   .            X - melded scarf {rC+ rF+}
rCorr   .            (gloves unavailable)
SInv    .            V - melded +2 pair of boots {Stlth+}
Will    ++++.        Z - amulet of Vitality {RegenMP++ Regen++}
Stlth   ++++         F - ring "Hero's Friend" {Wiz Will+ Slay+4}
HPRegen 2.21/turn    d - ring "Hurroz Utue" {rF+ rC+ Str+3}
MPRegen 1.40/turn

%: guardian spirit, wizardry (x1)
@: dragon-form, flying, studying 2 skills, heavily drained, very slow
A: dragon claw, dragon scales, breathe fire, flying, boosted hp, giant, hurl
damnation, ignite blood 3, torment resistance 1, magic shield, magic
regeneration, magic link, sanguine armour 3, demonic willpower, (demonic touch
3)
}: 3/15 runes: decaying, silver, gossamer
a: Breathe Fire, Hurl Damnation, End Transformation, Renounce Religion, Bend
Time, Temporal Distortion, Slouch, Step From Time


You were on level 4 of the Realm of Zot.
You worshipped Cheibriados.
Cheibriados was exalted by your worship.
You were a fearsome dragon!
You visited 12 branches of the dungeon, and saw 51 of its levels.
You also visited: Trove, Ice Cave, Wizlab and Desolation.

You collected 10938 gold pieces.
You spent 1008 gold pieces at shops.

Inventory:

Hand Weapons
 a - the +12 pair of quick blades "Gyre" and "Gimble" (melded) {protect}
   (You took it off a deep elf demonologist on level 3 of the Elven Halls)
 J - a +1 vampiric demon blade
Missiles
 h - 11 silver javelins
 m - 6 javelins
 G - 30 boomerangs
 M - 6 curare-tipped darts
Armour
 c - +0 gold dragon scales
 v - the +2 hat of Chill Winds (melded) {rC+}
   (You found it on level 3 of the Depths)

   rC:        It protects you from cold.
 R - the +12 plate armour "Mean" (melded) {rF+}
   (You bought it in a shop on level 2 of the Orcish Mines)

   rF:        It protects you from fire.
 V - a +2 pair of boots of stealth (melded)
 X - a scarf of resistance (melded)
Jewellery
 d - the ring "Hurroz Utue" (right foreclaw) {rF+ rC+ Str+3}
   (You found it in the Desolation of Salt)

   [ring of protection from fire]

   Str:       It affects your strength (+3).
   rF:        It protects you from fire.
   rC:        It protects you from cold.
 j - the ring of Beogh's Felicitations {rF+ rC+ Int-3 Stlth+}
   (You found it on level 2 of the Elven Halls)

   [ring of protection from fire]

   Int:       It affects your intelligence (-3).
   rF:        It protects you from fire.
   rC:        It protects you from cold.
   Stlth:     It makes you more stealthy.
 F - the ring "Hero's Friend" (left foreclaw) {Wiz Will+ Slay+4}
   (You took it off a servant of whispers in the Desolation of Salt)

   [ring of wizardry]

   It improves your spell success rate.
   Slay:      It affects your accuracy & damage with ranged weapons and melee
   (+4).
   Will:      It increases your willpower.
 P - the ring "Dotaulie" {Fly Str+3 Slay+4}
   (You found it on level 5 of the Vaults)

   [ring of slaying]

   Str:       It affects your strength (+3).
   Slay:      It affects your accuracy & damage with ranged weapons and melee
   (+4).
   Fly:       It grants you flight.
 S - a ring of see invisible
 Z - the amulet of Vitality (around neck) {RegenMP++ Regen++}
   (You found it on level 4 of the Lair of Beasts)

   [amulet of magic regeneration]

   It increases your rate of magic regeneration.
   Regen:     It increases your rate of health regeneration.
Wands
 n - a wand of roots (59)
 t - a wand of flame (99) (quivered)
 y - a wand of paralysis (71)
 D - a wand of quicksilver (21)
 K - a wand of mindburst (9)
 N - a wand of digging (6)
Scrolls
 f - 25 scrolls of identify
 i - 7 scrolls of magic mapping
 k - 12 scrolls of teleportation
 l - 2 scrolls of brand weapon
 o - 2 scrolls of blinking
 q - 3 scrolls of summoning
 r - 3 scrolls of amnesia
 u - 3 scrolls of fear
 w - 15 scrolls of enchant armour
 E - 4 scrolls of immolation
 Q - 13 scrolls of enchant weapon
 Y - 9 scrolls of poison
Potions
 b - 2 potions of brilliance
 e - 4 potions of heal wounds
 g - 17 potions of flight
 p - 5 potions of berserk rage
 s - 4 potions of invisibility
 z - 8 potions of might
 B - 3 potions of ambrosia
 I - 2 potions of magic
 L - 23 potions of curing
 O - 6 potions of cancellation
 T - 3 potions of resistance
 U - 21 potions of mutation
Miscellaneous
 x - a phantom mirror
 A - the horn of Geryon
 C - a box of beasts
 H - a tin of tremorstones (2/2)
 W - a lightning rod (4/4)


   Skills:
 * Level 13.5 Fighting
 * Level 13.3(14.4) Short Blades
 + Level 8.9(12.2) Long Blades
 + Level 6.1 Throwing
 * Level 13.7 Armour
 * Level 13.2 Dodging
 + Level 4.8 Stealth
 * Level 12.4 Unarmed Combat
 * Level 19.2 Spellcasting
 * Level 13.7 Conjurations
 * Level 4.0 Summonings
 * Level 14.4 Translocations
 * Level 8.5 Transmutations
 * Level 14.2 Fire Magic
 * Level 17.2 Air Magic
 * Level 10.7 Earth Magic
 - Level 13.0 Invocations
 * Level 13.4 Evocations


You had 2 spell levels left.
You knew the following spells:

 Your Spells              Type           Power      Damage    Failure   Level
a - Airstrike             Air            58%        2d(9-25)  0%          4
b - Plasma Beam           Fire/Air       56%        2x1d78    1%          6
c - Ignition              Fire           54%        3d15      3%          8
d - Spellforged Servitor  Conj/Summ      45%        N/A       4%          7
e - Lehudib's Crystal Sp  Conj/Erth      51%        10d12     9%          8
f - Storm Form            Tmut/Air       52%        N/A       1%          7
i - Dragon Form           Tmut           44%        N/A       4%          7
s - Statue Form           Tmut/Erth      62%        N/A       1%          6
x - Arcjolt               Conj/Air       56%        1d66      0%          5
z - Iskenderun's Mystic   Conj/Tloc      100%       2d19      0%          4

Your spell library contained the following spells:

 Spells                   Type           Power      Damage    Failure   Level
 Apportation              Tloc           100%       N/A       0%          1
 Beastly Appendage        Tmut           100%       N/A       0%          1
 Foxfire                  Conj/Fire      100%       2x1d9     0%          1
 Magic Dart               Conj           100%       1d8       0%          1
 Shock                    Conj/Air       100%       1d9       0%          1
 Blink                    Tloc           100%       N/A       0%          2
 Lesser Beckoning         Tloc           100%       N/A       0%          2
 Momentum Strike          Conj/Tloc      100%       3d10      0%          2
 Poisonous Vapours        Pois/Air       100%       N/A       0%          2
 Searing Ray              Conj           100%       2d8       0%          2
 Static Discharge         Conj/Air       100%       2-7/arc   0%          2
 Wereblood                Tmut           89%        N/A       0%          2
 Kiss of Death            Conj/Necr      100%       2d13      1%          1
 Necrotise                Necr           100%       1d9       1%          1
 Slow                     Hex            100%       N/A       1%          1
 Sting                    Tmut/Pois      100%       1d8       1%          1
 Summon Small Mammal      Summ           100%       N/A       1%          1
 Call Imp                 Summ           100%       N/A       1%          2
 Cigotuvi's Dreadful Rot  Necr/Pois/Air  100%       N/A       1%          2
 Ensorcelled Hibernation  Hex/Ice        88%        N/A       1%          2
 Gell's Gravitas          Tloc           100%       N/A       0%          3
 Mephitic Cloud           Conj/Pois/Air  96%        N/A       0%          3
 Stone Arrow              Conj/Erth      100%       3d13      0%          3
 Teleport Other           Tloc           100%       N/A       0%          3
 Vhi's Electric Charge    Tloc/Air       100%       N/A       0%          3
 Volatile Blastmotes      Fire/Tloc      100%       2d18      0%          3
 Flame Wave               Conj/Fire      100%       2d21      0%          4
 Manifold Assault         Tloc           100%       N/A       0%          4
 Passage of Golubria      Tloc           100%       N/A       0%          4
 Sticky Flame             Conj/Fire      100%       2d11      0%          4
 Call Canine Familiar     Summ           69%        N/A       1%          3
 Confusing Touch          Hex            44%        N/A       1%          3
 Dazzling Flash           Conj/Hex       100%       N/A       1%          3
 Hailstorm                Conj/Ice       82%        3d17      1%          3
 Ignite Poison            Fire/Tmut/Pois 85%        N/A       1%          3
 Inner Flame              Hex/Fire       83%        N/A       1%          3
 Ozocubu's Armour         Ice            44%        N/A       1%          3
 Spider Form              Tmut/Pois      70%        N/A       1%          3
 Summon Guardian Golem    Hex/Summ       58%        N/A       1%          3
 Tukima's Dance           Hex            44%        N/A       1%          3
 Vampiric Draining        Necr           44%        2d9       1%          3
 Anguish                  Hex/Necr       22%        N/A       1%          4
 Animate Armour           Summ/Erth      100%       N/A       1%          4
 Animate Dead             Necr           44%        N/A       1%          4
 Cause Fear               Hex            22%        N/A       1%          4
 Dispel Undead            Necr           44%        3d17      1%          4
 Fulminant Prism          Conj/Hex       41%        3d19      1%          4
 Leda's Liquefaction      Hex/Erth       38%        N/A       1%          4
 Olgreb's Toxic Radiance  Pois           44%        N/A       1%          4
 Petrify                  Tmut/Erth      93%        N/A       1%          4
 Summon Ice Beast         Ice/Summ       58%        N/A       1%          4
 Summon Lightning Spire   Summ/Air       97%        N/A       1%          4
 Alistair's Intoxication  Tmut/Pois      46%        N/A       1%          5
 Blade Hands              Tmut           44%        N/A       1%          5
 Borgnjor's Vile Clutch   Necr/Erth      38%        N/A       1%          5
 Fireball                 Conj/Fire      53%        3d21      1%          5
 Freezing Cloud           Conj/Ice/Air   48%        6-21      1%          5
 Irradiate                Conj/Tmut      49%        3d28      1%          5
 Iskenderun's Battlesphe  Conj           100%       2d15      1%          5
 Lee's Rapid Deconstruct  Erth           48%        3d23*     1%          5
 Silence                  Hex/Air        44%        N/A       1%          5
 Summon Forest            Summ/Tloc      46%        N/A       1%          5
 Yara's Violent Unravell  Hex/Tmut       35%        3d14      1%          5
 Conjure Ball Lightning   Conj/Air       56%        3x3d20    1%          6
 Dispersal                Tloc           54%        N/A       1%          6
 Starburst                Conj/Fire      53%        6d14      1%          6
 Orb of Destruction       Conj           53%        9d13      1%          7
 Summon Mana Viper        Hex/Summ       58%        N/A       2%          5
 Disjunction              Tloc           54%        N/A       3%          8
 Eringya's Noxious Bog    Tmut/Pois      35%        N/A       4%          6
 Metabolic Englaciation   Hex/Ice        22%        N/A       5%          5
 Summon Cactus Giant      Summ           34%        N/A       5%          6
 Death Channel            Necr           22%        N/A       26%         6
 Simulacrum               Ice/Necr       22%        N/A       26%         6
 Monstrous Menagerie      Summ           34%        N/A       28%         7
 Fire Storm               Conj/Fire      53%        8d14      50%         9
 Haunt                    Necr/Summ      29%        N/A       52%         7
 Enfeeble                 Hex            22%        N/A       80%         7
 Borgnjor's Revivificati  Necr           22%        N/A       100%        8
 Discord                  Hex            22%        N/A       100%        8
 Infestation              Necr           22%        N/A       100%        8
 Dragon's Call            Summ           34%        N/A       100%        9
 Polar Vortex             Ice            22%        N/A       100%        9


Dungeon Overview and Level Annotations

Branches:
Dungeon (15/15)            Temple (1/1) D:7            Lair (5/5) D:10
  Swamp (4/4) Lair:3       Spider (4/4) Lair:3        Slime (0/5) Lair:5
    Orc (2/2) D:9             Elf (3/3) Orc:2        Vaults (5/5) D:14
  Crypt (3/3) Vaults:3       Tomb (0/3) Crypt:3      Depths (4/4) D:15
   Hell (visited)             Dis (0/7) Hell            Geh (0/7) Hell
    Coc (0/7) Hell            Tar (0/7) Hell            Zot (4/5) Depths:4
  IceCv (visited)          WizLab (visited)         Desolation (visited)

Altars:
Cheibriados
Dithmenos
Fedhas
Gozag
Kikubaaqudgha
Makhleb
Nemelex Xobeh
Okawaru
Qazlal
Ru
Sif Muna
Trog
Uskayaw
Vehumet
Wu Jian
Xom
Yredelemnul

Shops:
D:3 (   D:10 *   D:13 *!   D:14 !   Orc:2 ([*:   Elf:3 *   Vaults:5 [
Depths:4 [[

Portals:
Hell: Lair:5 Depths:1 Depths:2 Depths:3 Depths:4
Abyss: Depths:3
Pandemonium: Depths:2
Ziggurat: Depths:3

Annotations:
D:3 1 runed translucent door, Crazy Yiuf
Elf:3 2 transporters, gyole's ghost, adept SpHu
Depths:2 glosham's ghost, veteran MeDe


Innate Abilities, Weirdness & Mutations

You are a fearsome dragon!
You have a powerful clawing attack.
Your giant scaled body is strong and resiliant, but less evasive.
You can breathe fire.
You are flying.
Your maximum health is greatly increased.
Your armour is entirely melded.
You are incapable of wielding weapons or throwing items.
You can hurl damnation.
Your demonic aura causes all spilled blood to erupt in flames.
You are resistant to unholy torment.
When hurt, damage is shared between your health and your magic reserves.
You regenerate magic rapidly.
When low on magic, you restore magic in place of health.
When seriously injured, your blood forms very thick armour. (AC +0)
You punish those that try to bend your will. (Will+)
((Your touch may irresistibly damage your foes and sap their willpower.))


Message History

Your blood congeals into armour.
Your magical contamination has completely faded away.
There is an open translucent door here.
Your blood armour dries and flakes away.
Your pack is full.
You see here a scroll of acquirement.
Something appears at your feet!
You now have 9898 gold pieces (gained 1272).
You now have 9930 gold pieces (gained 32).
There is a shimmering altar of Xom here.
You see here a +1 broad axe of chaos.
You see here a +2 heavy mace.
Done exploring.
Done exploring.
Done exploring.
Done exploring.
Done exploring.
Done exploring.
Done exploring.
Done exploring.
Save game and exit?
Welcome back, Morbidden the Demonspawn Conjurer.
Cheibriados says: Take it easy.
Press ? for a list of commands and other information.
Welcome back, Morbidden the Demonspawn Conjurer.
Cheibriados says: Take it easy.
Press ? for a list of commands and other information.
Welcome back, Morbidden the Demonspawn Conjurer.
Cheibriados says: Take it easy.
Press ? for a list of commands and other information.
Unknown command.
Unknown command.
Save game and exit?
Welcome back, Morbidden the Demonspawn Conjurer.
Cheibriados says: Take it easy.
Press ? for a list of commands and other information.
Unknown command.
Unknown command.
Unknown command.
Are you sure you want to abandon this character and quit the game? (Confirm with "yes".)

#............# #.#
###†########.# #.# #####
#.########+## #.# ....#
#.#.........# #.# ###.#
#.#....!....# #.# ~~#.#
#.#.........# #.# ~~#.#
#.#..###....#####.# ~~#.#
#.#.##)##...'.....#
###.######.#.#._D#..<#####.#
....'......'.##'##...# ##.#
....###.##.#.........# #..#
....# #.##.#.........# #.##
..[.###....###..#+#######'####
....'..............##........#
....#############..##........#
....# #......##........# )...#
#.####.##........#


There were no monsters in sight!

Vanquished Creatures
  An ancient lich (Crypt:3)
  Mara (Vaults:4)
  2 dread liches (Vaults:5)
  2 orbs of fire (Zot:2)
  The ghost of Ivui the Gargoyle Porcupine, a legendary GrMo of Okawaru (Zot:4)
  Sojobo (Vaults:4)
  2 Killer Klowns (Zot:1)
  Saint Roka (Crypt:3)
  A curse toe (Zot:3)
  A caustic shrike (Depths:2)
  the Lernaean hydra (Swamp:4)
  Geryon (Hell)
  9 golden dragons
  Nikola (Vaults:1)
  A profane servitor (Crypt:3)
  A mutant beast (WizLab)
  A bone dragon (Crypt:3)
  A golden dragon (shapeshifter) (Depths:3)
  An electric golem (Zot:1)
  11 tentacled monstrosities
  Mlioglotl (Spider:4)
  4 deep elf master archers (Elf:3)
  A shard shrike skeleton (Crypt:3)
  10 liches
  2 walking divine tomes (Depths:2)
  2 deep elf blademasters
  A walking earthen tome (Depths:4)
  13 quicksilver dragons
  A walking frostbound tome (Depths:3)
  7 titans
  The ghost of Biunumosm the Warrior, an adept OpVM of Qazlal (Depths:2)
  9 death cobs
  12 sphinxes
  8 ancient champions
  Agnes (D:15)
  Gastronok (Lair:2)
  8 tengu reavers
  Kirke (Swamp:2)
  17 storm dragons
  11 shadow dragons
  Donald (Elf:1)
  A fenstrider witch (Swamp:2)
  6 draconian knights
  3 revenants
  10 draconian monks
  7 fire giants
  An imperial myrmidon (Desolation)
  14 frost giants
  4 iron dragons
  A draconian scorcher (Zot:1)
  8 emperor scorpions
  9 deep elf sorcerers
  8 draconian annihilators
  A deep elf elementalist (Elf:3)
  5 ghost moths
  Aizul (Swamp:2)
  A balrug (Hell)
  2 draconian shifters
  5 ghouls
  26 vault wardens
  Louise (Swamp:4)
  A caustic shrike zombie (Crypt:3)
  3 reapers
  5 draconian stormcallers
  3 orc warlords
  24 ironbound preservers
  32 very ugly things
  7 spriggan defenders
  8 ironbound thunderhulks
  20 stone giants
  13 vampire knights
  A broodmother (Spider:4)
  8 war gargoyles
  8 deep elf demonologists
  15 black draconians
  Nessos (D:15)
  A lorocyproca (Depths:2)
  16 green draconians
  4 eleionomae
  4 bunyips
  8 deep elf annihilators
  10 dire elephants
  A halazid warlock (Desolation)
  8 spark wasps
  The ghost of Obergh the Unseen, a journeyman SpBr (Depths:3)
  13 white draconians
  6 yellow draconians
  9 red draconians
  26 purple draconians
  An ettin (shapeshifter) (Depths:2)
  A blizzard demon (Hell)
  18 ettins
  8 deep elf death magi
  Josephine (D:15)
  2 crystal guardians
  5 eidola
  2 green deaths
  7 jiangshi
  8 deep elf high priests
  An entropy weaver (shapeshifter) (WizLab)
  12 ragged hierophants (Desolation)
  7 entropy weavers
  3 shambling mangroves
  A quicksilver dragon zombie (Crypt:3)
  14 fire dragons
  A quicksilver dragon skeleton (Crypt:3)
  13 yaktaur captains
  25 ice dragons
  31 hydras
  An ogre mage (Vaults:5)
  4 great orbs of eyes
  A hell beast (Hell)
  9 servants of whispers (Desolation)
  7 spriggan air magi
  9 peacekeepers
  2 ghost crabs
  16 ironbound frosthearts
  4 rakshasas
  41 vault guards
  A jorogumo (shapeshifter) (Vaults:3)
  A bennu zombie (Crypt:2)
  12 boulder beetles
  9 centaur warriors
  2 two-headed ogres
  23 dancing weapons
  A two-headed ogre (shapeshifter) (Vaults:5)
  2 death knights (D:15)
  7 death yaks
  12 deep troll shamans
  3 hell hogs (Hell)
  5 orc high priests
  15 deep troll earth magi
  8 alligators
  11 spriggan berserkers
  2 tengu warriors
  9 vampire magi
  A titan zombie (Crypt:3)
  19 hell knights
  2 soul eaters
  A shock serpent (shapeshifter) (WizLab)
  11 sun demons (Hell)
  Nergalle (Orc:2)
  13 deep elf knights
  16 iron trolls
  A sixfirhy (Lair:5)
  A skyshark (Lair:5)
  A fire crab (shapeshifter) (WizLab)
  3 pharaoh ants
  8 shadow wraiths
  4 glowing orange brains
  3 spriggan druids
  A sea snake (shapeshifter) (Vaults:5)
  A spark wasp zombie (D:15)
  A sun moth (Spider:3)
  8 goliath frogs
  An orb spider (shapeshifter) (Vaults:5)
  4 flayed ghosts
  16 bog bodies
  A glowing orange brain (shapeshifter) (WizLab)
  12 wizards
  8 deep elf archers
  78 deep trolls
  8 orb spiders
  3 lindwurms
  21 skeletal warriors
  An iron giant skeleton (Crypt:2)
  10 steelbarb worms
  9 phantasmal warriors
  A deep troll (shapeshifter) (WizLab)
  A bunyip skeleton (Crypt:3)
  10 orc knights
  An orange crystal statue (IceCv)
  15 swamp dragons
  A shadow dragon zombie (Crypt:3)
  A fenstrider witch simulacrum (Hell)
  34 deep elf pyromancers
  A swamp dragon (shapeshifter) (WizLab)
  12 wolf spiders
  19 ironbound convokers
  7 orc sorcerers
  68 ugly things
  Pikel (D:4)
  A frost giant zombie (Vaults:2)
  14 necromancers
  A broodmother zombie (Crypt:1)
  28 deep elf zephyrmancers
  A fire giant zombie (Depths:3)
  3 will-o-the-wisps
  4 cyclopes
  An eleionoma zombie (Crypt:3)
  3 manticores
  3 nameless horrors (Zot:1)
  12 rust devils
  24 moths of wrath
  A jorogumo skeleton (Crypt:1)
  6 smoke demons (Hell)
  A dire elephant zombie (Crypt:3)
  35 slime creatures
  5 guardian serpents (Desolation)
  16 vault sentinels
  6 black mambas
  A black mamba (shapeshifter) (WizLab)
  3 demonic crawlers
  5 molten gargoyles
  A gargoyle (D:12)
  A fire giant skeleton (Vaults:2)
  A guardian serpent (shapeshifter) (WizLab)
  2 ice statues (Elf:2)
  19 elephants
  An orange demon (Lair:5)
  10 cane toads
  2 cane toads (shapeshifter) (WizLab)
  Maggie (D:6)
  A dire elephant skeleton (Crypt:1)
  An unseen horror (shapeshifter) (WizLab)
  A hellion (Hell)
  7 torpor snails
  2 rime drakes (Lair:5)
  2 centaur skeletons (Crypt:3)
  6 storm dragon simulacra (IceCv)
  2 unseen horrors
  9 freezing wraiths
  2 yaktaurs (shapeshifter) (WizLab)
  A tormentor (Hell)
  An alligator snapping turtle skeleton (Crypt:3)
  Psyche (D:9)
  3 kobold demonologists
  A rime drake (shapeshifter) (WizLab)
  A spark wasp simulacrum (Depths:3)
  5 tengu conjurers
  5 golden dragon simulacra (IceCv)
  28 yaktaurs
  13 komodo dragons
  5 ice devils
  A guardian mummy (D:15)
  A human skeleton (Vaults:1)
  2 queen bees (shapeshifter) (WizLab)
  A yaktaur skeleton (Vaults:1)
  2 red devils
  A meliai (shapeshifter) (Depths:1)
  2 polar bears
  3 meliai (Spider:4)
  3 trolls
  2 blink frogs (shapeshifter)
  A merfolk (shapeshifter) (Vaults:5)
  A red draconian skeleton (Crypt:1)
  A shadow dragon simulacrum (Hell)
  23 tarantellas
  Grinder (D:4)
  A hellwing (Lair:5)
  A sea snake skeleton (Crypt:1)
  17 hornets
  3 spriggan skeletons
  4 bloated husks
  67 saltlings (Desolation)
  9 tyrant leeches
  2 hornets (shapeshifter)
  A harpy skeleton (Crypt:3)
  A raiju (shapeshifter) (Depths:2)
  12 dream sheep
  A stone giant simulacrum (Vaults:2)
  22 blink frogs
  2 deep troll zombies
  27 jumping spiders
  A satyr zombie (Crypt:1)
  An ettin skeleton (D:15)
  19 culicivoras
  6 flying skulls (Crypt:1)
  A jumping spider (shapeshifter) (WizLab)
  14 wraiths
  6 water elementals
  A spriggan (shapeshifter) (WizLab)
  An air elemental (Elf:3)
  A shadow (D:12)
  7 large abominations
  7 wyverns
  4 fire elementals
  4 hogs (Swamp:2)
  13 spriggans
  2 basilisks (shapeshifter)
  5 humans
  Eustachio (D:5)
  26 yaks
  4 basilisks
  8 vampires
  A golden eye (shapeshifter) (WizLab)
  13 vampire mosquitoes
  A yaktaur simulacrum (Vaults:1)
  A chaos spawn (Depths:1)
  An iron golem (WizLab)
  47 redbacks
  A fire bat zombie (Crypt:1)
  5 wargs
  A warg (shapeshifter) (WizLab)
  An acid dragon (shapeshifter) (WizLab)
  A demonspawn zombie (Crypt:2)
  Edmund (D:5)
  23 swamp worms
  A swamp worm (shapeshifter) (WizLab)
  A two-headed ogre zombie (Crypt:1)
  A cane toad zombie (Crypt:2)
  A glowing shapeshifter skeleton (Depths:3)
  An acid dragon (D:12)
  2 naga skeletons (Crypt:3)
  2 floating eyes (shapeshifter)
  5 hell hounds (Lair:5)
  4 floating eyes (WizLab)
  40 orc warriors
  14 water moccasins
  10 swamp drakes
  2 sky beasts (D:7)
  An ice beast (Vaults:2)
  4 ice dragon simulacra (IceCv)
  5 ogres
  5 boggarts
  A centaur (shapeshifter) (Vaults:5)
  13 centaurs
  A black bear (D:10)
  18 wolves
  A lemure (D:4)
  2 phantoms
  5 kobold brigands
  3 gnoll sergeants
  A vine stalker zombie (Crypt:3)
  15 bullfrogs
  An earth elemental (Elf:3)
  4 scorpions
  A necrophage (Crypt:2)
  An ogre simulacrum (Vaults:1)
  A salamander skeleton (Crypt:2)
  13 wights
  13 killer bees
  6 lindwurm simulacra (IceCv)
  A troll skeleton (Crypt:1)
  4 electric eels
  10 howler monkeys
  14 jellies
  10 small abominations
  2 hounds
  A bullfrog zombie (Crypt:1)
  19 orc priests
  2 sleepcaps (D:5)
  A black bear skeleton (Crypt:2)
  3 iguanas
  25 orc wizards
  6 hell rats
  7 gnolls
  8 adders
  A shadow imp (D:6)
  3 white imps
  3 worms
  11 dart slugs
  90 orcs
  5 endoplasms
  A giant cockroach (Depths:1)
  8 goblins
  8 hobgoblins
  21 kobolds
  3 quokkas
  5 ball pythons
  3 bats
  A dart slug zombie (Crypt:3)
  3 frilled lizards
  A goblin zombie (Crypt:2)
  6 rats
  A rat zombie (Crypt:3)
  8 briar patches (Swamp:1)
  11 butterflies (Vaults:1)
2599 creatures vanquished.

Vanquished Creatures (collateral kills)
  Vv (Crypt:2)
  A caustic shrike (Depths:2)
  A tentacled monstrosity (Zot:1)
  A quicksilver dragon (Zot:1)
  A death cob (Zot:3)
  A tengu reaver (Depths:3)
  A reaper (Hell)
  A green draconian (Depths:4)
  A black draconian (Zot:2)
  2 red draconians
  5 purple draconians
  A yellow draconian (Zot:3)
  A tengu warrior (Depths:2)
  A large abomination (WizLab)
  A phantasmal warrior (Crypt:2)
  A moth of wrath (Zot:1)
  2 hogs (Swamp:2)
  An orc warrior (Orc:2)
  A ball python skeleton (Crypt:2)
25 creatures vanquished.

Vanquished Creatures (others)
  An ice dragon (Depths:3)
  2 vault guards (D:14)
  A dancing weapon (Elf:3)
  A deep elf knight (Elf:2)
  A deep elf zephyrmancer (Elf:1)
  A bloated husk (Swamp:2)
  A jumping spider (Vaults:1)
  4 humans (D:14)
  18 foxfires
  67 fungi
  94 plants
  11 withered plants
202 creatures vanquished.

Grand Total: 2826 creatures vanquished

Notes
Turn   | Place    | Note
-------+----------+-------------------------------------------
     0 | D:1      | Morbidden the Demonspawn Conjurer began the quest for the
                  | Orb.
     0 | D:1      | Reached XP level 1. HP: 13/13 MP: 3/3
   282 | D:1      | Gained mutation: Your touch may inflict minor irresistible
                  | damage on your foes. [demonic ancestry]
   282 | D:1      | Reached XP level 2. HP: 15/20 MP: 1/5
   621 | D:1      | Found a faded altar of an unknown god.
  1105 | D:2      | Gained mutation: Your demonic aura sometimes causes spilled
                  | blood to erupt in flames. [demonic ancestry]
  1105 | D:2      | Reached XP level 3. HP: 23/25 MP: 6/6
  1191 | D:2      | Found a sparkling altar of Nemelex Xobeh.
  1233 | D:2      | Learned a level 2 spell: Searing Ray
  1786 | D:3      | Gained mutation: Your demonic aura often causes spilled
                  | blood to erupt in flames. [demonic ancestry]
  1786 | D:3      | Reached XP level 4. HP: 26/31 MP: 7/7
  1807 | D:3      | Found Jieqorac's Weapon Emporium.
  1974 | D:3      | Reached skill level 1 in Armour
  2492 | D:3      | Found a runed translucent door.
  2493 | D:3      | Noticed Crazy Yiuf
  2571 | D:4      | Reached skill level 1 in Fighting
  2600 | D:4      | Reached skill level 1 in Short Blades
  2600 | D:4      | Reached XP level 5. HP: 28/37 MP: 8/8
  2661 | D:4      | Noticed a lemure
  2665 | D:4      | Noticed a lemure
  2665 | D:4      | Noticed Pikel
  2689 | D:5      | Entered Level 5 of the Dungeon
  2717 | D:5      | Reached skill level 1 in Evocations
  3167 | D:5      | Noticed a centaur
  3188 | D:5      | Killed a centaur
  3189 | D:5      | Reached skill level 5 in Conjurations
  3189 | D:5      | Gained mutation: You regenerate magic rapidly. [demonic
                  | ancestry]
  3189 | D:5      | Reached XP level 6. HP: 5/43 MP: 9/9
  3421 | D:5      | Noticed Eustachio
  3445 | D:5      | Killed Eustachio
  3446 | D:5      | Reached skill level 1 in Long Blades
  3535 | D:5      | Noticed a water moccasin
  3552 | D:5      | Killed a water moccasin
  3553 | D:5      | Gained mutation: Your touch may inflict irresistible damage
                  | on your foes. [demonic ancestry]
  3553 | D:5      | Reached XP level 7. HP: 16/50 MP: 1/11
  3574 | D:5      | Reached skill level 3 in Spellcasting
  3576 | D:5      | Reached skill level 1 in Throwing
  3796 | D:5      | Learned a level 6 spell: Plasma Beam
  3875 | D:5      | Noticed Edmund
  3877 | D:5      | Noticed a wyvern
  4252 | D:6      | Noticed Maggie
  4269 | D:6      | Killed Maggie
  4270 | D:6      | Gained mutation: Your touch may irresistibly damage your
                  | foes and sap their willpower. [demonic ancestry]
  4270 | D:6      | Reached XP level 8. HP: 24/57 MP: 12/12
  4460 | D:6      | Reached skill level 1 in Fire Magic
  4857 | D:6      | Reached skill level 1 in Air Magic
  5137 | D:5      | Killed Edmund
  5608 | D:4      | Killed Pikel
  5609 | D:4      | Reached XP level 9. HP: 43/64 MP: 14/14
  5812 | D:4      | Noticed Grinder
  5842 | D:4      | Killed Grinder
  6048 | D:4      | Identified the +2 long sword of Poohoics {heavy, rC+}
  6624 | D:7      | Learned a level 4 spell: Iskenderun's Mystic Blast
  6794 | D:7      | Reached skill level 4 in Spellcasting
  7327 | D:7      | Found a staircase to the Ecumenical Temple.
  7417 | Temple   | Entered the Ecumenical Temple
  7654 | Temple   | Became a worshipper of Cheibriados the Contemplative
  7803 | D:7      | Reached skill level 1 in Translocations
  8095 | D:8      | Gained mutation: When hurt, damage is shared between your
                  | health and your magic reserves. [demonic ancestry]
  8095 | D:8      | Reached XP level 10. HP: 70/71 MP: 10/16
  8124 | D:8      | Reached skill level 5 in Armour
  8173 | D:8      | Reached skill level 1 in Invocations
  8370 | D:8      | Reached * piety under Cheibriados
  8750 | D:9      | Noticed a smoke demon
  8856 | D:9      | Reached ** piety under Cheibriados
  8992 | D:9      | Noticed Psyche
  8997 | D:9      | Killed Psyche
  9243 | D:9      | Noticed a two-headed ogre
  9256 | D:9      | Killed a two-headed ogre
  9514 | D:9      | Found a staircase to the Orcish Mines.
  9533 | D:9      | Reached *** piety under Cheibriados
  9574 | D:10     | Entered Level 10 of the Dungeon
  9600 | D:10     | Reached skill level 5 in Short Blades
  9640 | D:10     | You fall into a shaft and drop 1 floor!
  9644 | D:11     | Found a basalt altar of Yredelemnul.
  9824 | D:11     | Noticed a cyclops
  9833 | D:11     | Killed a cyclops
  9834 | D:11     | Reached skill level 5 in Spellcasting
 10058 | D:11     | Noticed a skeletal warrior
 10072 | D:11     | Noticed a cyclops
 10086 | D:11     | Killed a cyclops
 10087 | D:11     | Gained mutation: When seriously injured, your blood forms
                  | armour. (AC +0) [demonic ancestry]
 10087 | D:11     | Reached XP level 11. HP: 77/77 MP: 18/18
 10200 | D:11     | Noticed a skeletal warrior
 10200 | D:11     | Noticed a skeletal warrior
 10253 | D:10     | Reached skill level 5 in Dodging
 10409 | D:10     | Found Naiwiho's General Store.
 10563 | D:10     | Reached **** piety under Cheibriados
 10709 | D:10     | Found an ornate altar of the Wu Jian Council.
 10914 | D:10     | Found a portal to a secret trove of treasure.
 10965 | D:10     | Found a staircase to the Lair.
 11102 | Lair:1   | Entered Level 1 of the Lair of Beasts
 11398 | Lair:1   | Reached skill level 5 in Fighting
 11523 | Lair:1   | Reached skill level 5 in Evocations
 12152 | Lair:2   | Noticed Gastronok
 12179 | Lair:2   | Killed Gastronok
 12180 | Lair:2   | Gained mutation: When seriously injured, your blood forms
                  | thick armour. (AC +0) [demonic ancestry]
 12180 | Lair:2   | Reached XP level 12. HP: 21/86 MP: 3/20
 12990 | Lair:2   | Reached ***** piety under Cheibriados
 13286 | Lair:3   | Reached skill level 5 in Long Blades
 13286 | Lair:3   | Reached skill level 5 in Invocations
 13515 | Lair:3   | Found a hole to the Spider Nest.
 13593 | Lair:3   | Reached skill level 6 in Spellcasting
 13931 | Lair:3   | Reached skill level 5 in Air Magic
 14031 | Lair:3   | Noticed a seven-headed hydra
 14039 | Lair:3   | Killed a seven-headed hydra
 14040 | Lair:3   | Reached skill level 5 in Fire Magic
 14265 | Lair:3   | Noticed a death yak
 14268 | Lair:3   | Found a staircase to the Swamp.
 14471 | Lair:3   | Killed a death yak
 14472 | Lair:3   | Reached skill level 5 in Throwing
 14713 | Lair:4   | Reached XP level 13. HP: 72/93 MP: 20/22
 15138 | Lair:4   | Found the amulet of Vitality {RegenMP++ Regen++}
 15961 | Lair:5   | Entered Level 5 of the Lair of Beasts
 15991 | Lair:5   | Reached skill level 7 in Spellcasting
 16441 | Lair:5   | Reached XP level 14. HP: 97/101 MP: 17/25
 16535 | Lair:5   | Found a burning altar of Makhleb.
 16718 | Lair:5   | Reached ****** piety under Cheibriados
 16821 | Lair:5   | Reached skill level 8 in Spellcasting
 16880 | Lair:5   | Found a staircase to the Slime Pits.
 17217 | Lair:5   | Found a gateway to Hell.
 17614 | D:12     | Learned a level 4 spell: Airstrike
 18135 | D:11     | Reached skill level 5 in Translocations
 18531 | D:12     | Learned a level 8 spell: Lehudib's Crystal Spear
 18766 | D:13     | Found Ucegot's Distillery.
 19042 | D:13     | Found Hukhleim's Blood Bar.
 19639 | D:14     | Reached skill level 9 in Spellcasting
 19728 | D:14     | Found a sacrificial altar of Ru.
 19739 | D:14     | Reached skill level 1 in Earth Magic
 19793 | D:14     | Gained mutation: Your demonic aura causes all spilled blood
                  | to erupt in flames. [demonic ancestry]
 19793 | D:14     | Reached XP level 15. HP: 76/108 MP: 20/28
 19836 | D:14     | Found Ciafrargh's Distillery.
 20275 | D:14     | Found a gate to the Vaults.
 20392 | D:15     | Entered Level 15 of the Dungeon
 20561 | D:15     | Noticed Josephine
 20564 | D:15     | Killed Josephine
 20755 | D:15     | Found a staircase to the Depths.
 20817 | D:15     | Noticed Agnes
 20820 | D:15     | Killed Agnes
 20881 | D:15     | Noticed Nessos
 20885 | D:15     | Paralysed by Nessos for 3 turns
 20889 | D:15     | Killed Nessos
 21561 | Orc:1    | Entered Level 1 of the Orcish Mines
 22102 | Orc:2    | Entered Level 2 of the Orcish Mines
 22161 | Orc:2    | Noticed Nergalle
 22178 | Orc:2    | Reached skill level 10 in Spellcasting
 22179 | Orc:2    | Killed Nergalle
 22250 | Orc:2    | Found a staircase to the Elven Halls.
 22655 | Orc:2    | Found Tesunwuo's General Store.
 22680 | Orc:2    | Found Rovaug's Book Boutique.
 22840 | Orc:2    | Found Asi Yqu's Antique Weapon Boutique.
 22855 | Orc:2    | Found Higoh's Antique Armour Boutique.
 22862 | Orc:2    | Bought a masterwork plate armour for 1008 gold pieces
 22862 | Orc:2    | Identified the +12 plate armour "Mean" {rF+} (You bought it
                  | in a shop on level 2 of the Orcish Mines)
 23195 | Swamp:1  | Entered Level 1 of the Swamp
 23344 | Swamp:1  | Found a transporter.
 23387 | Swamp:1  | Found a transporter.
 23408 | Swamp:1  | You fall into a shaft and drop 1 floor!
 23438 | Swamp:2  | Gained mutation: You punish those that try to bend your
                  | will. (Will+) [demonic ancestry]
 23438 | Swamp:2  | Reached XP level 16. HP: 115/115 MP: 5/30
 23556 | Swamp:2  | Noticed Aizul
 23572 | Swamp:2  | Killed Aizul
 23849 | Swamp:1  | Identified the +1 falchion "Kueck" {pain, Fly rPois rC+
                  | Will-}
 24361 | Swamp:1  | Identified the ring of Leluegucw {Fly rElec rF- rN+}
 24363 | Swamp:1  | Identified the +1 hat of the Arcane {rPois rC- Regen+}
 24734 | Swamp:2  | Noticed Kirke
 24748 | Swamp:2  | Killed Kirke
 24839 | Swamp:2  | Noticed a tentacled monstrosity
 24849 | Swamp:2  | Killed a tentacled monstrosity
 25522 | Swamp:3  | Noticed a tentacled monstrosity
 25540 | Swamp:3  | Killed a tentacled monstrosity
 25918 | Swamp:4  | Entered Level 4 of the Swamp
 25937 | Swamp:4  | Reached skill level 11 in Spellcasting
 26033 | Swamp:4  | Noticed Louise
 26037 | Swamp:4  | Killed Louise
 26521 | Swamp:4  | Gained mutation: When seriously injured, your blood forms
                  | very thick armour. (AC +0) [demonic ancestry]
 26521 | Swamp:4  | Reached XP level 17. HP: 122/122 MP: 4/32
 27157 | Swamp:4  | Noticed the 27-headed Lernaean hydra
 27265 | Swamp:4  | Killed the 27-headed Lernaean hydra
 27299 | Swamp:4  | Identified the staff of earth "Foraisul" {rPois rC+ Will+
                  | MP-9}
 27351 | Swamp:4  | Got a decaying rune of Zot
 27918 | Spider:1 | Entered Level 1 of the Spider Nest
 27952 | Spider:1 | Reached skill level 10 in Air Magic
 28081 | Spider:1 | Found a transporter.
 28083 | Spider:1 | Found a transporter.
 29745 | Spider:3 | Reached skill level 12 in Spellcasting
 30460 | Spider:4 | Entered Level 4 of the Spider Nest
 30776 | Spider:4 | Reached skill level 10 in Invocations
 30782 | Spider:4 | Noticed Mlioglotl
 31094 | Spider:4 | Reached XP level 18. HP: 131/131 MP: 16/34
 31256 | Spider:4 | Noticed a bone dragon
 31446 | Spider:4 | Killed Mlioglotl
 32019 | Spider:4 | Got a gossamer rune of Zot
 32646 | Elf:1    | Entered Level 1 of the Elven Halls
 32963 | Elf:1    | Reached skill level 5 in Earth Magic
 33082 | Elf:1    | Noticed Donald
 33085 | Elf:1    | Killed Donald
 33693 | Elf:2    | Found a frozen archway.
 33710 | IceCv    | Entered an ice cave
 33779 | IceCv    | Reached skill level 10 in Armour
 33895 | IceCv    | Noticed a golden dragon
 33911 | IceCv    | Killed a golden dragon
 33989 | IceCv    | Identified the ring of Etreat {Fly Dex+3}
 34126 | IceCv    | Identified the +0 pair of gloves of Sakep {Dex+6}
 34548 | Elf:2    | Identified the ring of Beogh's Felicitations {rF+ rC+ Int-3
                  | Stlth+}
 34704 | Elf:2    | Found a huge runed translucent gate.
 34704 | Elf:2    | Found a huge runed translucent gate.
 34704 | Elf:2    | Found a huge runed translucent gate.
 34704 | Elf:2    | Found a huge runed translucent gate.
 34704 | Elf:2    | Found a huge runed translucent gate.
 34976 | Elf:3    | Entered Level 3 of the Elven Halls
 35084 | Elf:3    | Found Odet's Assorted Antiques.
 35107 | Elf:3    | Found a transporter.
 35108 | Elf:3    | Found a transporter.
 35111 | Elf:3    | Noticed gyole's ghost (adept SpHu)
 35149 | Elf:3    | Reached skill level 13 in Spellcasting
 35149 | Elf:3    | Reached XP level 19. HP: 88/138 MP: 17/36
 35912 | Elf:3    | Identified the +2 great mace of Woir Caj {elec, rCorr}
 36080 | Elf:3    | Identified the +6 falchion of Deflation {heavy, *Rage rN+
                  | Str+3}
 36082 | Elf:3    | Identified the +9 glaive "Qofruh" {heavy, Dex+3}
 36085 | Elf:3    | Identified the +6 scale mail "Elalis" {Drain Regen+ Dex+2}
 36462 | Elf:3    | Identified the staff of air "Xarefy" {rElec Will+ Dex+5}
 36562 | Elf:3    | Identified the staff of earth "Etasig Naqa" {rC++ rN++
                  | Int+2}
 36975 | Vaults:1 | Entered Level 1 of the Vaults
 36992 | Vaults:1 | You fall into a shaft and drop 1 floor!
 37082 | Vaults:1 | Found a crumbling gateway.
 37088 | Desolati | Entered the Desolation of Salt
 37155 | Desolati | Reached skill level 10 in Short Blades
 37179 | Desolati | Identified the ring "Hero's Friend" {Wiz Will+ Slay+4}
 37265 | Desolati | Identified the ring of Eternal Harmony {+Blink MP+9 Int-3
                  | Dex+4}
 37273 | Desolati | Identified the +4 glaive "Guetan" {heavy, rPois rN+}
 37283 | Desolati | Identified the ring "Teniukla" {rPois Will+ rCorr}
 37326 | Desolati | Reached skill level 10 in Fire Magic
 37426 | Desolati | Identified the +6 long sword of Perup {spect, rC+ Str+2}
 37448 | Desolati | Identified the ring "Hurroz Utue" {rF+ rC+ Str+3}
 37774 | Desolati | Got Gygik's Encyclopedia of Creative Enchantment
 37855 | Desolati | Reached skill level 10 in Fighting
 37858 | Desolati | Reached XP level 20. HP: 106/147 MP: 17/37
 37862 | Desolati | Reached skill level 10 in Conjurations
 37876 | Desolati | Identified the ring "Qynoen" {Will+ Dex+2}
 37904 | Desolati | Got Caalol's Precepts of the Meteoric Bonfire
 37919 | Desolati | Learned a level 7 spell: Storm Form
 38309 | Vaults:1 | Reached skill level 1 in Unarmed Combat
 38633 | Vaults:1 | Found a huge runed gate.
 38633 | Vaults:1 | Found a huge runed gate.
 38633 | Vaults:1 | Found a huge runed gate.
 38633 | Vaults:1 | Found a huge runed gate.
 38633 | Vaults:1 | Found a huge runed gate.
 38633 | Vaults:1 | Found a huge runed gate.
 38634 | Vaults:1 | Found a huge runed gate.
 38634 | Vaults:1 | Found a huge runed gate.
 38634 | Vaults:1 | Found a huge runed gate.
 38634 | Vaults:1 | Found a huge runed gate.
 38638 | Vaults:1 | Reached skill level 1 in Transmutations
 38718 | Vaults:1 | Found a huge runed gate.
 38718 | Vaults:1 | Found a huge runed gate.
 38718 | Vaults:1 | Found a huge runed gate.
 38718 | Vaults:1 | Found a huge runed gate.
 38718 | Vaults:1 | Found a huge runed gate.
 38718 | Vaults:1 | Found a huge runed gate.
 38719 | Vaults:1 | Found a huge runed gate.
 38734 | Vaults:1 | Found a huge runed gate.
 38735 | Vaults:1 | Found a huge runed gate.
 38764 | Vaults:1 | Found a huge runed gate.
 38764 | Vaults:1 | Found a huge runed gate.
 38764 | Vaults:1 | Found a huge runed gate.
 38764 | Vaults:1 | Found a huge runed gate.
 38764 | Vaults:1 | Found a huge runed gate.
 38764 | Vaults:1 | Found a huge runed gate.
 38764 | Vaults:1 | Found a huge runed gate.
 38765 | Vaults:1 | Found a huge runed gate.
 38782 | Vaults:1 | Found a huge runed gate.
 38791 | Vaults:1 | Found a huge runed gate.
 38791 | Vaults:1 | Found a huge runed gate.
 38791 | Vaults:1 | Found a huge runed gate.
 38791 | Vaults:1 | Found a huge runed gate.
 38791 | Vaults:1 | Found a huge runed gate.
 38791 | Vaults:1 | Found a huge runed gate.
 38792 | Vaults:1 | Found a huge runed gate.
 38793 | Vaults:1 | Found a huge runed gate.
 38988 | Vaults:1 | Reached skill level 14 in Spellcasting
 38991 | Vaults:1 | Reached skill level 10 in Evocations
 39060 | Vaults:1 | Noticed Nikola
 39064 | Vaults:1 | Reached skill level 10 in Dodging
 39071 | Vaults:1 | Killed Nikola
 39268 | Vaults:1 | Found the +8 longbow "Zephyr" {speed, Dex+3 SInv}
 39743 | Vaults:2 | Found the +5 demon whip "Spellbinder" {antimagic, disrupt,
                  | Will+}
 40733 | Vaults:3 | Gained mutation: You are resistant to unholy torment.
                  | [demonic ancestry]
 40733 | Vaults:3 | Reached XP level 21. HP: 149/154 MP: 25/39
 41475 | Vaults:3 | Found a staircase to the Crypt.
 41742 | Vaults:3 | Learned a level 5 spell: Arcjolt
 41861 | Vaults:3 | Reached skill level 5 in Unarmed Combat
 42203 | Vaults:4 | Reached skill level 15 in Spellcasting
 42300 | Vaults:4 | Noticed Sojobo
 42326 | Vaults:4 | Killed Sojobo
 42810 | Vaults:4 | Noticed Mara
 42817 | Vaults:4 | Killed Mara
 43547 | Depths:1 | Entered Level 1 of the Depths
 43565 | Depths:1 | Reached XP level 22. HP: 126/161 MP: 3/41
 43981 | Depths:1 | Reached skill level 10 in Translocations
 44535 | Depths:1 | Found a runed translucent gate.
 44536 | Depths:1 | Found a runed translucent gate.
 44538 | Depths:1 | Found a runed translucent gate.
 44932 | Depths:1 | Identified the +6 battleaxe of Trog's Condemnation {heavy,
                  | rCorr}
 45084 | Depths:2 | Identified the +1 leather armour of the Archfiend {rElec
                  | SInv}
 45130 | Depths:2 | Found a transporter.
 45130 | Depths:2 | Noticed Biunumosm's ghost (adept OpVM)
 45131 | Depths:2 | Noticed glosham's ghost (veteran MeDe)
 45131 | Depths:2 | Noticed a caustic shrike
 45131 | Depths:2 | Identified the ring of the Burning God {Str+3 Slay+4}
 45153 | Depths:2 | Identified the ring "Pofos" {rPois rF+}
 45162 | Depths:2 | Noticed a caustic shrike
 45448 | Depths:2 | Found a transporter.
 46104 | Depths:2 | Reached XP level 23. HP: 169/169 MP: 9/42
 46270 | Depths:2 | Identified the +2 pair of gloves "Upleg" {rPois Int+7}
 46653 | Depths:2 | Found a one-way gate leading to the halls of Pandemonium.
 46784 | Depths:2 | Killed a caustic shrike
 46786 | Depths:2 | Killed a caustic shrike
 46797 | Depths:2 | Reached skill level 16 in Spellcasting
 46805 | Depths:2 | Killed Biunumosm's ghost
 46806 | Depths:2 | Reached skill level 5 in Transmutations
 47452 | Depths:3 | Identified the +7 glaive of Charity {freeze, Int+3}
 47582 | Depths:3 | Identified the ring "Dakeahin" {rElec Will+ EV+5 Int-4}
 47681 | Depths:3 | Identified the +7 halberd "Xaidur" {venom, rPois}
 47743 | Depths:3 | Found a one-way gateway to a ziggurat.
 47783 | Depths:3 | Found a runed translucent gate.
 47784 | Depths:3 | Found a runed translucent gate.
 47788 | Depths:3 | Found a one-way gate to the infinite horrors of the Abyss.
 47788 | Depths:3 | Found a runed translucent gate.
 47815 | Depths:3 | Noticed Obergh's ghost (journeyman SpBr)
 47826 | Depths:3 | Noticed a caustic shrike
 47828 | Depths:3 | a caustic shrike changed into a golden dragon
 47997 | Depths:3 | Found a stormy altar of Qazlal.
 48000 | Depths:3 | Found a stormy altar of Qazlal.
 48002 | Depths:3 | Found a shimmering altar of Xom.
 48002 | Depths:3 | Found a shimmering altar of Xom.
 48002 | Depths:3 | Found a snail-covered altar of Cheibriados.
 48213 | Depths:3 | Killed Obergh's ghost
 48214 | Depths:3 | Reached skill level 15 in Air Magic
 48237 | Depths:3 | Identified the +2 hat of Chill Winds {rC+}
 48539 | D:10     | You paid a toll of 5 scrolls of fear to enter a treasure
                  | trove
 48540 | Trove    | Entered a treasure trove
 48554 | Trove    | Got Sif Muna's Almanac of Wounds
 48560 | Trove    | Got the Secrets of the Inconstant Autopsy
 48570 | Trove    | Got Sif Muna's Lectures on Ozone and the Volley
 48579 | Trove    | Got Sif Muna's Secrets of Ethics
 48582 | Trove    | Got the Compendium of Charmed Geometry
 48624 | Trove    | Learned a level 6 spell: Statue Form
 48915 | Depths:4 | Entered Level 4 of the Depths
 49102 | Depths:4 | Found Kuxaviv's Armour Emporium.
 49102 | Depths:4 | Found Idinatin's Armour Shoppe.
 49136 | Depths:4 | Reached XP level 24. HP: 178/178 MP: 31/43
 49740 | Depths:4 | Found a gate to the Realm of Zot.
 50011 | Depths:4 | Identified the +0 plate armour "Saycukk" {rF++}
 50013 | Depths:4 | Got the Compendium of Vehement Frost
 50639 | Crypt:1  | Entered Level 1 of the Crypt
 50725 | Crypt:1  | Found a magical portal.
 50731 | WizLab   | Entered Cigotuvi's Fleshworks
 50908 | WizLab   | Learned a level 8 spell: Ignition
 50950 | WizLab   | Paralysed by a floating eye for 4 turns
 51000 | WizLab   | Identified the amulet of the Endless Expanse {Acrobat -Tele
                  | Fly rF+}
 51035 | WizLab   | Reached skill level 10 in Unarmed Combat
 51197 | WizLab   | Reached skill level 17 in Spellcasting
 51304 | WizLab   | Got Cigotuvi's Secrets of Twisted Transmutation
 51314 | WizLab   | Learned a level 7 spell: Dragon Form
 52124 | Crypt:2  | Noticed Vv
 52142 | Crypt:2  | Killed Vv
 53005 | Crypt:3  | Entered Level 3 of the Crypt
 53036 | Crypt:3  | Noticed an ancient lich
 53047 | Crypt:3  | Killed an ancient lich
 53052 | Crypt:3  | Reached XP level 25. HP: 165/184 MP: 11/44
 53391 | Crypt:3  | Found a staircase to the Tomb.
 53685 | Crypt:3  | Noticed Saint Roka
 54017 | Crypt:3  | Killed Saint Roka
 54083 | Crypt:3  | Identified the +10 sling of Felaewn {freeze, SInv}
 54288 | Crypt:3  | Found an ancient bone altar of Kikubaaqudgha.
 54292 | Crypt:3  | Found a basalt altar of Yredelemnul.
 54311 | Crypt:3  | Got the Almanac of Leadership and Frostbite
 54312 | Crypt:3  | Identified the ring "Ozedd" {EV+5 Dex+5}
 54315 | Crypt:3  | Identified the ring "Uby Eky" {rN+ Dex+3}
 54315 | Crypt:3  | Identified the ring "Gedakom" {rN+ Slay+2}
 54315 | Crypt:3  | Identified the ring "Kagum" {rN+ Str-2 Int+7 SInv Stlth-}
 54359 | Crypt:3  | Got the Meditations on Different Interference
 56092 | Vaults:5 | Entered Level 5 of the Vaults
 56178 | Vaults:5 | Noticed a dread lich
 56178 | Vaults:5 | Identified the +8 chain mail of Onluine {Rampage rF+}
 56185 | Vaults:5 | Killed a dread lich
 56188 | Vaults:5 | Reached skill level 18 in Spellcasting
 56864 | Vaults:5 | Gained mutation: When low on magic, you restore magic in
                  | place of health. [demonic ancestry]
 56864 | Vaults:5 | Reached XP level 26. HP: 127/193 MP: 14/45
 57060 | Vaults:5 | Noticed a dread lich
 57068 | Vaults:5 | Killed a dread lich
 57390 | Vaults:5 | Got the Disquisition on Entrancing Open Graves
 57522 | Vaults:5 | Identified the ring "Dotaulie" {Fly Str+3 Slay+4}
 57574 | Vaults:5 | Got a silver rune of Zot
 57578 | Vaults:5 | Got Sif Muna's Annotations on Clouds and Sidekicks
 57579 | Vaults:5 | Identified the +1 scale mail of Defence {rElec}
 57949 | Vaults:5 | Found Vufob's Antique Armour Shoppe.
 58098 | Vaults:4 | Learned a level 7 spell: Spellforged Servitor
 58305 | Hell     | Entered the Vestibule of Hell
 58305 | Hell     | Noticed Geryon
 58475 | Hell     | Reached skill level 10 in Earth Magic
 58476 | Hell     | Reached skill level 1 in Summonings
 58647 | Hell     | Killed Geryon
 58812 | Hell     | Found a gateway to the ashen valley of Gehenna.
 58851 | Hell     | Found a gateway to the decaying netherworld of Tartarus.
 58898 | Hell     | Found a gateway to the freezing wastes of Cocytus.
 58977 | Hell     | Found a gateway to the Iron City of Dis.
 59239 | Zot:1    | Entered Level 1 of the Realm of Zot
 59993 | Zot:1    | Identified the +1 robe of Autumn {Dex+5}
 60368 | Zot:2    | Gained mutation: You can hurl damnation. [demonic ancestry]
 60368 | Zot:2    | Reached XP level 27. HP: 197/197 MP: 26/45
 60496 | Zot:2    | Noticed an orb of fire
 60500 | Zot:2    | Killed an orb of fire
 60591 | Zot:2    | Noticed an orb of fire
 60595 | Zot:2    | Killed an orb of fire
 61409 | Zot:3    | Reached skill level 19 in Spellcasting
 61628 | Zot:3    | HP: 10/201 [poisoned by a green draconian (poison gas)]
 62923 | Zot:4    | Found a runed translucent door.
 62923 | Zot:4    | Found a shimmering altar of Xom.
 62923 | Zot:4    | Noticed Ivui's ghost (legendary GrMo)
 62924 | Zot:4    | Identified a scroll of acquirement
 63364 | Zot:4    | Killed Ivui's ghost
 63368 | Zot:4    | Acquired 1272 gold pieces
 63407 | Zot:4    | Upgraded the game from 0.30-a0-949-g53dc5368d7 to
                  | 0.30-a0-950-gbf40cfac39
 63407 | Zot:4    | Upgraded the game from 0.30-a0-950-gbf40cfac39 to
                  | 0.30-a0-1160-g6e42c06551
 63407 | Zot:4    | Quit the game

Illustrated notes

Levels and vault maps discovered:
D:1:      psy_arrival_terrarium, layout_loops_ring,
          shapermc_ecumenical_altar_totnotflames
D:2:      layout_basic, basic_altar
D:3:      kennysheep_slugbush, layout_rooms, serial_shops,
          nicolae_shop_bloodbath_and_beyond, uniq_crazy_yiuf_cottage
D:4:      layout_rooms, uniq_pikel, uniq_grinder
D:5:      layout_cave_pods, minmay_misc_feat_room, uniq_eustachio, uniq_edmund
D:6:      layout_cave_pods, uniq_maggie
D:7:      layout_basic, minmay_temple_entry_glassed_door, serial_rivers,
          chequers_serial_rivers_marsh, chequers_serial_rivers_large_b,
          chequers_serial_rivers_micro_c, chequers_serial_rivers_micro_b
D:8:      layout_rooms
D:9:      layout_roguey, hiddenorc1_lemuel, uniq_psyche
D:10:     layout_cave_pools, nzn_wu_jian_contemplation,
          grunt_lair_entry_orc_guard_hut, trove_entry_hex_spiral, serial_shops,
          nicolae_shop_crystal
D:11:     layout_loops_corners, yredelemnul_altar_generic
D:12:     layout_loops_cross
D:13:     layout_cave_pods, serial_shops, nicolae_diamond_shop,
          guppyfry_shop_blood
D:14:     layout_roguey, ximxim_vaults_locker_room, serial_shops, shop,
          nicolae_ru_sacrificial_ziggurat, kennysheep_generic_room_9
D:15:     gammafunk_depths_entry_grave, layout_basic, grunt_decor_fettered,
          uniq_nessos, uniq_josephine, uniq_agnes
Temple:   mainiacjoe_temple_starburst
Lair:1:   layout_misc_corridors, grunt_megastairs_3
Lair:2:   layout_loops_ring, serial_forest, infiniplex_forest_straight_1,
          infiniplex_forest_clump_large, infiniplex_forest_lined_corner,
          infiniplex_forest_clump_cross, infiniplex_forest_corner_2,
          infiniplex_forest_clump_double, infiniplex_forest_lined_2,
          infiniplex_forest_lined_2, infiniplex_staircase_pool,
          serial_bayou_shore_b, uniq_gastronok
Lair:3:   layout_small_grid, skrybe_swamp_entry_bodies,
          spider_nest_entry_web_field
Lair:4:   layout_hall_layers, chequers_serial_rivers_micro_b, minmay_holes
Lair:5:   evil_forest, layout_loops_ring, minmay_slime_entry_jelly_boxes
Swamp:1:  gammafunk_worm_tunnel, layout_basic_swamp,
          evilmike_swamp_ruin_house_3, swamp_pool1, ldierk_geyser
Swamp:2:  nzn_winding_woodlands_three_and_one
          [nzn_winding_woodlands_5x15_garden,
          nzn_winding_woodlands_5x15_river_crossing,
          nzn_winding_woodlands_5x15_zeroes,
          nzn_winding_woodlands_center_lodge], layout_basic_swamp,
          nicolae_swamp_little_tower, infiniplex_staircase_pool_2, uniq_aizul,
          uniq_kirke
Swamp:3:  layout_falls_marsh, evilmike_swamp_ruin_house_4, swamp_pool1
Swamp:4:  grunt_swamp_rune_castle, layout_basic_swamp, uniq_louise
Spider:1: gammafunk_boulding_lane, nicolae_spider_twisty_arc_passages
Spider:2: layout_spider_delve
Spider:3: layout_cave_pods
Spider:4: grunt_spider_rune_circles, nicolae_spider_spiderdrome, uniq_mlioglotl
Orc:1:    layout_caves, elves_outpost_lemuel
Orc:2:    grunt_orc_cross, layout_caves, basic_altar, nicolae_orc_pool_cavern,
          sword_in_stone
Elf:1:    nicolae_elf_arrival_no_cutting_in_line, layout_geoelf_diagonals,
          kennysheep_underground_church, nicolae_elf_w_pinch, uniq_donald
Elf:2:    elven_hall_of_blades_hangedman_alternative [nicolae_blade_bullseye],
          layout_loops_corners, portal_ice_cave_entry_ice_statue_two
Elf:3:    minmay_elf_hall_not_hex, layout_geoelf_castle, gammafunk_ghost_arena,
          serial_shops, nicolae_shop_waterfront
Vaults:1: portal_desolation_entry_ruin, v_misc_12, nicolae_vaults_halls_meeting,
          vaults_room_grunt_arrival_ludios, ontoclasm_vaults_twist,
          vaults_room_hallway, not_door_vault_mu, v_pattern_4,
          vaults_standard_mumra_enter_the_diamond, vaults_dpeg_ring,
          nicolae_vaults_yaktaur_gun_rack, vaults_dpeg_diagonal,
          nicolae_vaults_circle_grid_b, v_misc_11, layout_vaults_maze_bifur,
          uniq_nikola
Vaults:2: v_alt_pattern_5, nicolae_vaults_stairing_the_circle, v_misc_22,
          serial_ice_h, vaults_dpeg_emergency_exit, nicolae_vaults_network_star,
          nicolae_vaults_ninety_degrees, nicolae_vaults_little_squares_4,
          ontoclasm_vaults_gateway, vaults_mumra_chevron, v_misc_11,
          nicolae_vaults_border_crossing, v_misc_13,
          nicolae_vaults_little_squares_1, nicolae_vaults_diagonal_hallway_6,
          layout_vaults_ring
Vaults:3: ontoclasm_vaults_hangar, vaults_room_fancy_cross, v_pattern_2,
          v_misc_19, v_misc_9, kb_rosetta, minmay_crypt_entry_simple_box,
          nicolae_vaults_theta, vaults_room_corners, hangedman_vaults_stream,
          ontoclasm_vaults_ligature, layout_vaults_omnicross
Vaults:4: v_alt_pattern_3, grunt_vaults_hallway_short, v_misc_28, v_misc_2,
          hangedman_vaults_pinch, v_misc_33, hangedman_vaults_unwind,
          ontoclasm_vaults_fault, v_misc_13, layout_vaults_omnigrid,
          uniq_sojobo, uniq_mara
Vaults:5
Crypt:1:  layout_chaotic_city, infiniplex_enter_wizlab_spiral,
          grunt_crypt_arrival_webbed
Crypt:2:  layout_gridlike, minmay_misc_feat_five, grunt_megastairs_5, uniq_vv
Crypt:3:  lightli_unholy_cathedral, layout_chaotic_city, nicolae_crypt_niches,
          uniq_saint_roka
Depths:1: grunt_deathspiral_small, layout_basic, minmay_misc_feat_pillars,
          grunt_hell_entry_dis_grunt, pandoras_box_mu
Depths:2: kennysheep_snake, layout_basic, rand_demon_pan_entry_4,
          pf_coc_iceberg, nzn_ghost_randoct
Depths:3: grunt_arcs, layout_cave_pools, enter_ziggurat_e, abyss_entry,
          hell_entry, gammafunk_ghost_tricky_traps, doesnt_xom_only_xom
Depths:4: lemuel_castle_with_subvaults [lemuel_castle_interior_original],
          layout_basic, corexii_leaking_fountain, hell_entry, minmay_shoptagon
Hell
Zot:1:    cheibrodos_zot_enchanting_chambers, layout_misc_corridors,
          grunt_megastairs_2
Zot:2:    layout_gridlike
Zot:3:    kennysheep_blocky_room, layout_basic
Zot:4:    layout_gridlike, ebering_ghost_xom

Skill      XL: |  1  2  3  4  5  6  7  8  9 10 11 12 13 14 15 16 17 18 19 20 21 22 23 24 25 26 27 |
---------------+----------------------------------------------------------------------------------+-----
Dodging        | 2 3 4 5 6 7 8 9 10 11 12 13 | 13.2
Armour         | 1 2 3 4 5 6 7 8 9 10 11 12 13 | 13.7
Fighting       | 1 2 3 4 5 6 7 8 9 10 11 12 13 | 13.5
Short Blades   | 1 2 3 4 5 6 7 8 9 10 11 12 13 | 13.3
Evocations     | 1 2 3 4 5 6 7 8 9 10 11 12 13 | 13.4
Conjurations   | 5 6 7 8 9 10 11 12 13 | 13.7
Stealth        | 2 3 4 |  4.8
Long Blades    | 1 2 3 4 5 6 7 8 |  8.9
Spellcasting   | 3 4 5 6 7 9 10 11 12 13 14 15 16 17 18 19 | 19.2
Throwing       | 1 2 3 4 5 6 |  6.1
Fire Magic     | 1 2 3 4 5 6 7 8 9 10 11 12 13 14 | 14.2
Air Magic      | 1 2 3 4 5 6 7 8 9 10 11 12 13 14 15 16 17 | 17.2
Translocations | 1 2 3 4 5 6 7 9 10 11 12 13 14 | 14.4
Invocations    | 2 4 6 7 8 9 10 11 12 13 | 13.0
Earth Magic    | 1 2 3 4 5 6 7 8 9 10 | 10.7
Unarmed Combat | 4 5 7 9 10 11 12 | 12.4
Transmutations | 2 3 4 5 6 7 8 |  8.5
Summonings     | 3 4 |  4.0

Action                     |  1- 3 |  4- 6 |  7- 9 | 10-12 | 13-15 | 16-18 | 19-21 | 22-24 | 25-27 || total
---------------------------+-------+-------+-------+-------+-------+-------+-------+-------+-------++-------
  Melee: Unarmed           |    10 |       |       |       |       |       |       |   159 |   105 ||   274
         Punch             |     1 |     3 |     2 |     6 |     6 |     4 |       |    10 |    18 ||    50
         Dagger            |    78 |   133 |    97 |   163 |       |   117 |    15 |       |       ||   603
         Touch             |    18 |    32 |    31 |    97 |   105 |    83 |     5 |     3 |     8 ||   382
         Short sword       |       |       |    82 |   252 |   413 |   197 |       |       |       ||   944
         Pair of quick bla |       |       |       |       |       |       |   850 |   880 |   444 ||  2174
         Bite              |       |       |       |       |       |       |       |     1 |     4 ||     5
         Tailslap          |       |       |       |       |       |       |       |       |     3 ||     3
  Throw: Dart              |     4 |     3 |    28 |     5 |    11 |    15 |     1 |     1 |       ||    68
         Boomerang         |       |       |       |    17 |     4 |       |     8 |     1 |       ||    30
         Javelin           |       |       |       |     2 |       |       |       |       |       ||     2
   Cast: Magic Dart        |    28 |     4 |    45 |    91 |    29 |       |       |       |       ||   197
         Searing Ray       |     1 |     6 |    21 |    45 |    27 |       |       |       |       ||   100
         Iskenderun's Myst |       |       |       |    23 |    79 |    69 |    38 |    18 |    65 ||   292
         Plasma Beam       |       |       |       |       |   162 |   385 |   291 |   241 |   261 ||  1340
         Airstrike         |       |       |       |       |   177 |   367 |   158 |   119 |   206 ||  1027
         Arcjolt           |       |       |       |       |       |       |    19 |    15 |    10 ||    44
         Storm Form        |       |       |       |       |       |       |       |    12 |     8 ||    20
         Statue Form       |       |       |       |       |       |       |       |     7 |    10 ||    17
         Ignition          |       |       |       |       |       |       |       |     4 |    15 ||    19
         Dragon Form       |       |       |       |       |       |       |       |     1 |     2 ||     3
         Spellforged Servi |       |       |       |       |       |       |       |       |     9 ||     9
         Lehudib's Crystal |       |       |       |       |       |       |       |       |     3 ||     3
 Invoke: Slouch            |       |       |       |     1 |    12 |     7 |     4 |     7 |    13 ||    44
         Bend Time         |       |       |       |       |       |       |       |       |     1 ||     1
Ability: Blinkbolt         |       |       |       |       |       |       |       |     9 |     2 ||    11
         Breathe Fire      |       |       |       |       |       |       |       |     1 |       ||     1
         Hurl Damnation    |       |       |       |       |       |       |       |       |    19 ||    19
  Evoke: Wand              |       |     2 |     6 |     5 |     1 |    12 |     3 |    24 |    32 ||    85
         Box of beasts     |       |       |       |       |     2 |     4 |     2 |     5 |     1 ||    14
         Lightning rod     |       |       |       |       |       |     4 |     5 |     9 |     4 ||    22
         Phantom mirror    |       |       |       |       |       |       |     1 |     1 |       ||     2
         Tin of tremorston |       |       |       |       |       |       |       |    10 |     4 ||    14
         Horn of Geryon    |       |       |       |       |       |       |       |       |     2 ||     2
    Use: Potion            |       |       |     5 |       |     2 |       |     1 |     4 |     2 ||    14
         Scroll            |       |       |       |     6 |    16 |     5 |     8 |     7 |     7 ||    49
   Stab: Sleeping          |       |     1 |       |     3 |     1 |       |     9 |     2 |       ||    16
         Paralysed         |       |     2 |     3 |       |       |       |       |       |       ||     5
         Distracted        |       |       |       |       |       |       |     2 |     2 |     1 ||     5
 Armour: Robe              |     7 |       |       |       |       |       |       |       |       ||     7
         Ring mail         |    14 |    58 |    22 |       |       |       |       |       |       ||    94
         Swamp dragon scal |       |       |    49 |   151 |   219 |   319 |   111 |       |       ||   849
         Plate armour      |       |       |       |       |       |       |   220 |   418 |   318 ||   956
         Skin              |       |       |       |       |       |       |       |    92 |   128 ||   220
  Dodge: Dodged            |    52 |    59 |    86 |   302 |   396 |   538 |   428 |   726 |   721 ||  3308

Table legend: (Time is in decaauts)
 A = Elapsed time spent in this place.
 B = Non-inter-level travel time spent in this place.
 C = Inter-level travel time spent in this place.
 D = Time resting spent in this place.
 E = Time spent auto-exploring this place.
 F = Levels seen in this place.
 G = Mean time per level.
                   A        B        C        D        E       F      G
               +--------+--------+--------+--------+--------+-----+--------+
         Total |  94257 |  84979 |   9278 |   6750 |  63675 |  55 | 1713.8 |
       Dungeon |  21647 |  17967 |   3680 |    793 |  14458 |  15 | 1443.1 |
        Temple |    305 |    230 |     75 |      0 |    223 |   1 |  305.0 |
          Lair |   9694 |   9038 |    656 |    646 |   7097 |   5 | 1938.8 |
         Swamp |   6947 |   6717 |    230 |   1464 |   4327 |   4 | 1736.8 |
   Spider Nest |   6986 |   6486 |    500 |    848 |   4666 |   4 | 1746.5 |
  Orcish Mines |   3103 |   2693 |    410 |    120 |   2197 |   2 | 1551.5 |
   Elven Halls |   7031 |   6182 |    849 |    349 |   4660 |   3 | 2343.7 |
        Vaults |  12309 |  11048 |   1261 |    800 |   8456 |   5 | 2461.8 |
         Crypt |   4989 |   4631 |    358 |    495 |   3188 |   3 | 1663.0 |
        Depths |  10466 |   9398 |   1068 |    495 |   7302 |   4 | 2616.5 |
          Hell |    815 |    782 |     33 |     68 |    577 |   1 |  815.0 |
           Zot |   6384 |   6230 |    154 |    649 |   4742 |   4 | 1596.0 |
         Trove |    189 |    189 |      0 |      0 |     10 |   1 |  189.0 |
      Ice Cave |    717 |    717 |      0 |     22 |    410 |   1 |  717.0 |
        Wizlab |   1209 |   1209 |      0 |      0 |    599 |   1 | 1209.0 |
    Desolation |   1459 |   1459 |      0 |      0 |    760 |   1 | 1459.0 |
               +--------+--------+--------+--------+--------+-----+--------+

Top non-repeatable levels by time:
Depths:2: 3525 daAuts
Vaults:4: 3385 daAuts
Depths:1: 2773 daAuts
   Elf:3: 2727 daAuts
   Elf:2: 2572 daAuts
Depths:4: 2562 daAuts
Spider:3: 2475 daAuts
Vaults:1: 2450 daAuts
Vaults:2: 2313 daAuts
    D:15: 2292 daAuts
  Lair:4: 2210 daAuts
  Lair:3: 2198 daAuts
    D:14: 2154 daAuts
Vaults:3: 2144 daAuts
 Swamp:2: 2017 daAuts
